 Dungeon Crawl Stone Soup version 0.19.1-1-g22dce08 (webtiles) character file.

11183 theAP the Grappler (level 11, -2/113 HPs)
             Began as a Troll Fighter on Jan 15, 2017.
             Was an Elder of Okawaru.
             Slain by an eight-headed hydra (9 damage)
             ... on level 11 of the Dungeon.
             The game lasted 00:24:36 (8836 turns).

theAP the Grappler (Troll Fighter)                  Turns: 8836, Time: 00:24:37

Health: -2/113     AC: 21    Str: 28 (29) XL:     11   Next: 46%
Magic:  10/10      EV:  8    Int: 12      God:    Okawaru [****..]
Gold:   271        SH:  0    Dex:  6 (7)  Spells: 0 memorised, 10 levels left

rFire  . . .     SeeInvis .     r - +7 triple sword of Zaocs {elec, Int+4}
rCold  . . .     Gourm    +     y - +1 shadow dragon scales
rNeg   . . .     Faith    .     (shield currently unavailable)
rPois  +         Spirit   .     (helmet restricted)
rElec  .         Reflect  .     q - +1 cloak
rCorr  .         Harm     .     (gloves unavailable)
MR     .....     Clarity  +     (boots unavailable)
Stlth  ++........               (no amulet)
                                g - ring of Bidwog {rPois AC+1 Int+2}
                                o - +4 ring of intelligence

@: drained
A: unfitting armour, claws 3, yellow scales 1, clarity, clumsy 1, deterioration
1, dopey 1, fast metabolism 3, gourmand, regeneration 1, shaggy fur 1, tough
skin 2, wild magic 1
a: Heroism, Renounce Religion


You were on level 11 of the Dungeon.
You worshipped Okawaru.
Okawaru was greatly pleased with you.
You were completely stuffed.

You visited 2 branches of the dungeon, and saw 12 of its levels.

You collected 571 gold pieces.
You spent 300 gold pieces at shops.

Inventory:

Hand Weapons
 r - the +7 triple sword of Zaocs (weapon) {elec, Int+4}
   (You bought it in a shop on level 4 of the Dungeon)

   Occasionally, upon striking a foe, it will discharge some electrical energy
   and cause terrible harm.
   It affects your intelligence (+4).
Armour
 a - a +0 robe
 b - a +0 shield
 q - a +1 cloak (worn)
 y - +1 shadow dragon scales (worn)
Jewellery
 g - the ring of Bidwog (right claw) {rPois AC+1 Int+2}
   (You acquired it on level 9 of the Dungeon)

   [ring of protection]

   It affects your AC (+1).
   It affects your intelligence (+2).
   It protects you from poison.
 o - a +4 ring of intelligence (left claw)
Wands
 h - a wand of acid (7/15)
 j - a wand of disintegration (1/24)
 C - a wand of random effects (0/48)
 D - a wand of random effects (22/48)
 I - a wand of teleportation (2/9)
Scrolls
 e - 4 scrolls of immolation
 f - 2 scrolls of identify
 i - a scroll of amnesia
 k - 4 scrolls of remove curse
 n - 3 scrolls of fog
 s - a scroll of fear
 v - a scroll of teleportation
 G - a scroll of recharging
 J - a scroll of blinking
Potions
 c - 2 potions of resistance
 m - 4 potions of curing
 w - 2 potions of brilliance
 x - a potion of flight
 A - a potion of ambrosia
 B - a potion of cancellation
Books
 u - a book of Misfortune

   Spells                             Type                      Level
   a - Confusing Touch                Hexes                        1
   b - Confuse                        Hexes                        3
   c - Gell's Gravitas                Hexes/Translocation          3
   d - Petrify                        Transmutation/Earth          4
   e - Metabolic Englaciation         Hexes/Ice                    5
   f - Yara's Violent Unravelling     Hexes/Transmutation          5
 E - a book of Necromancy

   Spells                             Type                      Level
   a - Pain                           Necromancy                   1
   b - Animate Skeleton               Necromancy                   1
   c - Vampiric Draining              Necromancy                   3
   d - Regeneration                   Charms/Necromancy            3
   e - Animate Dead                   Necromancy                   4
   f - Control Undead                 Necromancy                   4
Comestibles
 d - 6 bread rations
 l - 10 royal jellies
 p - 6 meat rations
 t - 2 slices of pizza
 z - 17 chunks of flesh
 F - 2 fruits
 H - 3 beef jerkies


   Skills:
 + Level 8.4(8.3) Fighting
 + Level 3.4(3.3) Long Blades
 + Level 5.4(5.3) Armour
 - Level 5.8(5.7) Dodging
 - Level 2.4(2.3) Shields
 - Level 11.9(11.8) Unarmed Combat


You had 10 spell levels left.
You didn't know any spells.

Dungeon Overview and Level Annotations

Branches:
Dungeon (11/15)            Temple (1/1) D:7            Lair (0/6) D:11
    Orc (0/2) D:9

Altars:
Ashenzari
Cheibriados
Dithmenos
Elyvilon
Fedhas
Gozag
Hepliaklqana
Kikubaaqudgha
Makhleb
Nemelex Xobeh
Okawaru
Qazlal
Ru
Sif Muna
Trog
Uskayaw
Vehumet
Xom
Yredelemnul
Zin
The Shining One

Shops:
D:4 (

Annotations:
D:11 exclusion: oklob plant


Innate Abilities, Weirdness & Mutations

You are too large for most types of armour.
You have claws for hands.
Your metabolism is lightning-fast.
You like to eat raw meat.
Your natural rate of healing is unusually fast.
You are covered in fur. (AC +1)
You have very tough skin. (AC +2)
You are partially covered in yellow scales. (AC +2)
You possess an exceptional clarity of mind.
You are clumsy. (Dex -2)
Your body sometimes deteriorates upon taking damage.
You are dopey. (Int -2)
Your spells are a little harder to cast, but a little more powerful.


Message History

* * * LOW HITPOINT WARNING * * *
You see here a pair of gloves.
The eight-headed hydra bites you but does no damage.
The eight-headed hydra barely misses you.
The eight-headed hydra bites you but does no damage.
The eight-headed hydra barely misses you. x2
The eight-headed hydra closely misses you.
The eight-headed hydra bites you.
* * * LOW HITPOINT WARNING * * *
The eight-headed hydra bites you.
* * * LOW HITPOINT WARNING * * *
The eight-headed hydra bites you but does no damage. x2
The eight-headed hydra bites you.
* * * LOW HITPOINT WARNING * * *
The eight-headed hydra bites you.
* * * LOW HITPOINT WARNING * * *
The eight-headed hydra barely misses you.
The eight-headed hydra bites you but does no damage.
The eight-headed hydra bites you!
You die...

#..........# #...>.....<#
#..........# #..........#
##### #..#....()....#
....# #..#.[(.......#
....# ..#..######..#
....# ..#..# .#
#...######+##.#D@#
#...........#.#..#
#...........#.#..#
#...........#....#######
#+#######...#...#.......
.......)#...#.....#...#
...8.รท..#...#....##...##
......(.#...#..#...PPP..
.(..#(###...#..#..PP>P..


You could see an eight-headed hydra.

Vanquished Creatures
  A centaur warrior (D:11)
  The ghost of Stil the Merchant of Misery, a novice DDNe of Kikubaaqudgha (D:10)
  The ghost of Exporg the Basher, a novice MiFi of Trog (D:9)
  An unseen horror (D:10)
  Pikel (D:4)
  A hill giant (D:11)
  Psyche (D:8)
  2 two-headed ogres
  A hornet (D:11)
  Prince Ribbit (D:8)
  2 hippogriffs
  A centaur simulacrum (D:11)
  A wyvern (D:9)
  A yak (D:11)
  Edmund (D:6)
  A water moccasin (D:10)
  Duvessa (D:6)
  A swamp drake (D:9)
  3 ice beasts
  7 orc warriors
  An eye of draining (D:9)
  2 sky beasts
  2 ogres (D:5)
  A necrophage (D:9)
  7 centaurs
  6 bullfrogs
  2 big kobolds
  3 gnoll sergeants
  Dowan (D:6)
  5 scorpions
  5 wights
  5 killer bees (D:8)
  2 howler monkeys
  6 crimson imps
  A centaur zombie (D:5)
  A quasit (D:7)
  12 orc priests
  A bullfrog zombie (D:5)
  2 hounds
  5 jellies
  13 orc wizards
  A bullfrog skeleton (D:10)
  Jessica (D:2)
  3 iguanas
  9 worker ants
  Natasha (thrice) (D:2 D:3)
  A worker ant zombie (D:5)
  Robin (D:2)
  11 gnolls
  16 adders
  9 oozes
  6 worms
  2 dart slugs
  A leopard gecko (D:7)
  48 orcs
  6 bats
  8 giant cockroaches
  12 goblins
  6 hobgoblins
  4 jackals
  10 kobolds
  8 quokkas
  A ball python (D:3)
  4 frilled lizards
  A jackal skeleton (D:4)
  10 rats
295 creatures vanquished.

Vanquished Creatures (others)
  2 plants (D:8)
2 creatures vanquished.

Grand Total: 297 creatures vanquished

Notes
Turn   | Place    | Note
-------+----------+-------------------------------------------
     0 | D:1      | theAP the Troll Fighter began the quest for the Orb.
     0 | D:1      | Reached XP level 1. HP: 22/22 MP: 0/0
   193 | D:1      | Reached XP level 2. HP: 29/29 MP: 1/1
   606 | D:2      | Noticed Natasha
   613 | D:2      | Killed Natasha
   613 | D:2      | Reached skill level 3 in Unarmed Combat
   613 | D:2      | Reached XP level 3. HP: 27/36 MP: 2/2
   665 | D:2      | Noticed Robin
   676 | D:2      | Killed Robin
   690 | D:2      | Reached XP level 4. HP: 16/44 MP: 3/3
   730 | D:2      | Noticed Jessica
   735 | D:2      | Killed Jessica
  1007 | D:2      | Noticed Natasha
  1014 | D:2      | Killed Natasha
  1014 | D:2      | Reached skill level 4 in Unarmed Combat
  1067 | D:2      | Reached XP level 5. HP: 53/53 MP: 4/4
  1395 | D:3      | Found a blossoming altar of Fedhas.
  1592 | D:3      | Noticed Natasha
  1592 | D:3      | Found a sparkling altar of Nemelex Xobeh.
  1612 | D:3      | Killed Natasha
  1708 | D:3      | You fall through a shaft for 3 floors!
  1728 | D:6      | Reached XP level 6. HP: 48/61 MP: 5/5
  1822 | D:6      | Noticed Duvessa
  1832 | D:6      | Killed Duvessa
  1832 | D:6      | Reached skill level 5 in Unarmed Combat
  1839 | D:6      | Noticed Dowan
  1842 | D:6      | Killed Dowan
  1842 | D:6      | Reached XP level 7. HP: 44/68 MP: 6/6
  1956 | D:6      | Reached skill level 6 in Unarmed Combat
  1975 | D:5      | Entered Level 5 of the Dungeon
  2118 | D:4      | Found Duicekiwi's Antique Weapon Boutique.
  2350 | D:3      | Found a shadowy altar of Dithmenos.
  2698 | D:4      | Reached XP level 8. HP: 59/79 MP: 7/7
  2796 | D:4      | Noticed Pikel
  2817 | D:4      | Killed Pikel
  2817 | D:4      | Reached skill level 5 in Fighting
  2817 | D:4      | Reached skill level 5 in Dodging
  2817 | D:4      | Reached skill level 7 in Unarmed Combat
  3096 | D:5      | Reached skill level 8 in Unarmed Combat
  3308 | D:5      | Found an ancient bone altar of Kikubaaqudgha.
  3343 | D:5      | Found an opulent altar of Gozag.
  3422 | D:5      | Reached XP level 9. HP: 81/88 MP: 8/8
  3818 | D:6      | Noticed Edmund
  3823 | D:6      | Killed Edmund
  3823 | D:6      | Reached skill level 9 in Unarmed Combat
  4338 | D:7      | Gained mutation: You are partially covered in yellow scales. (AC +2) [mutagenic meat]
  4339 | D:7      | Gained mutation: Your spells are a little harder to cast, but a little more powerful. [mutagenic meat]
  4340 | D:7      | Gained mutation: Your body sometimes deteriorates upon taking damage. [mutagenic meat]
  4623 | D:7      | Reached skill level 1 in Armour
  4629 | D:7      | Found a staircase to the Ecumenical Temple.
  4661 | Temple   | Entered the Ecumenical Temple
  5126 | D:7      | Reached skill level 10 in Unarmed Combat
  5368 | D:8      | Noticed Psyche
  5399 | D:8      | Killed Psyche
  5403 | D:8      | HP: 4/92 [electric eel/bolt of electricity (5)]
  5635 | D:8      | Reached XP level 10. HP: 100/100 MP: 9/9
  5698 | D:8      | Noticed Prince Ribbit
  5709 | D:8      | Killed Prince Ribbit
  5836 | D:8      | HP: 5/100 [poisoned by a killer bee]
  5841 | D:8      | HP: 5/100 [poisoned by a killer bee]
  5847 | D:8      | HP: 5/100 [poisoned by a killer bee]
  6034 | D:8      | Found an iron altar of Okawaru.
  6042 | D:8      | Became a worshipper of Warmaster Okawaru
  6137 | D:8      | Found a sacrificial altar of Ru.
  6347 | D:9      | Reached skill level 11 in Unarmed Combat
  6404 | D:9      | Found a staircase to the Orcish Mines.
  6602 | D:9      | Identified a scroll of acquirement
  6605 | D:9      | Got a twitching pewter ring
  6651 | D:9      | Identified the ring of Bidwog {rPois AC+1 Int+2} (You acquired it on level 9 of the Dungeon)
  6924 | D:9      | Noticed Exporg's ghost (novice MiFi)
  6936 | D:9      | Killed Exporg's ghost
  6936 | D:9      | Reached * piety under Okawaru
  7154 | D:9      | Reached ** piety under Okawaru
  7708 | D:4      | Bought a jewelled triple sword for 300 gold pieces
  7713 | D:4      | Identified the +7 triple sword of Zaocs {elec, Int+4} (You bought it in a shop on level 4 of the Dungeon)
  7853 | D:10     | Entered Level 10 of the Dungeon
  8140 | D:10     | Killed an unseen horror
  8140 | D:10     | Reached skill level 1 in Long Blades
  8140 | D:10     | Reached XP level 11. HP: 62/110 MP: 10/10
  8313 | D:10     | Noticed Stil's ghost (novice DDNe)
  8329 | D:10     | Killed Stil's ghost
  8630 | D:11     | Reached *** piety under Okawaru
  8642 | D:11     | Noticed a centaur warrior
  8655 | D:11     | Killed a centaur warrior
  8655 | D:11     | Reached skill level 5 in Armour
  8679 | D:11     | Paralysed by a hornet for 3 turns
  8695 | D:11     | Gained mutation: You are clumsy. (Dex -2) [potion of mutation]
  8695 | D:11     | Gained mutation: You are dopey. (Int -2) [potion of mutation]
  8695 | D:11     | Gained mutation: You possess an exceptional clarity of mind. [potion of mutation]
  8715 | D:11     | Reached **** piety under Okawaru
  8726 | D:11     | Noticed a hill giant
  8734 | D:11     | Killed a hill giant
  8802 | D:11     | Found a staircase to the Lair.
  8804 | D:11     | Noticed an oklob plant
  8819 | D:11     | Noticed an eight-headed hydra
  8836 | D:11     | Slain by an eight-headed hydra

Skill      XL: |  1  2  3  4  5  6  7  8  9 10 11 |
---------------+----------------------------------+-----
Unarmed Combat | 3 4 5 6 8 10 11 | 11.9
Fighting       | 3 4 5 6 7 8 |  8.4
Dodging        | 3 4 5 |  5.8
Armour         | 2 4 5 |  5.4
Long Blades    | 1 3 |  3.4
Shields        | |  2.4

Action                   |  1- 3 |  4- 6 |  7- 9 | 10-12 || total
-------------------------+-------+-------+-------+-------++-------
Melee: Unarmed           |    78 |   113 |   368 |   213 ||   772
       Triple sword      |       |       |       |   120 ||   120
Invok: Heroism           |       |       |       |     1 ||     1
Evoke: Wand              |       |       |     1 |     1 ||     2
  Use: Scroll            |     8 |       |       |    14 ||    22
       Potion            |     1 |     1 |     1 |     9 ||    12
 Stab: Sleeping          |       |     1 |     1 |     2 ||     4
       Confused          |       |       |       |     3 ||     3
  Eat: Chunk             |    12 |    10 |    38 |    32 ||    92
Armor: Robe              |    18 |    32 |    75 |       ||   125
       Shadow dragon sca |       |       |    27 |   433 ||   460
Dodge: Dodged            |    39 |    28 |   119 |   156 ||   342
Block: Shield            |    42 |    50 |   143 |   118 ||   353
       Rpst.: Triple sword |       |       |       |    20 ||    20
